 Dungeon Crawl Stone Soup version 0.24-a0-464-g6b2be6b8c7 (webtiles) character file.

Game seed: 2491621759601943553

123064 Gargoyl the Cleaver (level 16, 0/150 HPs)
             Began as a Centaur Abyssal Knight on July 1, 2019.
             Was a High Priest of Lugonu.
             Slain by an alligator (2 damage)
             ... called by a spriggan druid
             ... on level 2 of the Swamp on July 3, 2019.
             The game lasted 01:04:11 (36228 turns).

Gargoyl the Cleaver (Centaur Abyssal Knight)       Turns: 36228, Time: 01:04:12

Health: 0/150      AC: 27    Str: 28    XL:     16   Next: 36%
Magic:  2/14       EV:  7    Int: 11    God:    Lugonu [*****.]
Gold:   1592       SH: 18    Dex: 12    Spells: 15/15 levels left

rFire    + + +     SeeInvis .   J - +10 war axe "Dabet" {pain, +Inv Str+4}
rCold    + . .     Gourm    .   q - +5 shield
rNeg     . . .     Faith    .   H - +1 chain mail of the Voivode {rF+++ MP-9 Str+5} (curse)
rPois    +         Spirit   .   A - +2 helmet
rElec    .         Reflect  .   K - scarf {rC+ rF+}
rCorr    +         Harm     .   S - +1 pair of gloves
MR       ++...                  C - +4 centaur barding
Stlth    ..........             (no amulet)
HPRegen  0.35/turn              d - ring "Juwo" {+Blink rCorr Slay+2}
MPRegen  0.14/turn              l - ring of protection from magic

@: very quick
A: large, hooves 3, deformed body, speed 2, poison resistance, robust 1, tough
skin 3, sturdy frame 1
a: Depart the Abyss, Bend Space, Banish, Corrupt, Enter the Abyss, Renounce
Religion, Evoke Blink, Evoke Invisibility


You were on level 2 of the Swamp.
You worshipped Lugonu.
Lugonu was extremely pleased with you.
You were not hungry.

You visited 4 branches of the dungeon, and saw 25 of its levels.
You visited the Abyss 3 times.
You also visited: Gauntlet.

You collected 2375 gold pieces.
You spent 783 gold pieces at shops.

Inventory:

Hand Weapons
 p - a +2 hand axe of electrocution
 J - the +10 war axe "Dabet" (weapon) {pain, +Inv Str+4}
   (You found it on level 4 of the Lair of Beasts)

   In the hands of one skilled in necromantic magic, it inflicts extra damage on
   living creatures.
   It affects your strength (+4).
   It lets you turn invisible.
 L - the +4 spear "Baumaewk" {venom, rF+ Int+4}
   (You found it on level 9 of the Dungeon)

   It poisons the flesh of those it strikes.
   It affects your intelligence (+4).
   It protects you from fire.
 T - a +3 hand axe of flaming
Missiles
 m - 48 boomerangs (quivered)
Armour
 q - a +5 shield (worn)
 u - the +4 scale mail "Ebiunumo" {Dex+2 Stlth+}
   (You found it on level 1 of the Swamp)

   It affects your dexterity (+2).
   It makes you more stealthy.
 A - a +2 helmet (worn)
 C - a +4 centaur barding (worn)
 H - the cursed +1 chain mail of the Voivode (worn) {rF+++ MP-9 Str+5}
   (You found it on level 1 of the Swamp)

   It affects your strength (+5).
   It renders you almost immune to fire.
   It affects your magic capacity (-9).
   It has a curse placed upon it.
 K - a scarf of resistance (worn)
 S - a +1 pair of gloves (worn)
Jewellery
 d - the ring "Juwo" (left hand) {+Blink rCorr Slay+2}
   (You found it on level 1 of the Lair of Beasts)

   [ring of resist corrosion]

   It affects your accuracy and damage with ranged weapons and melee attacks
   (+2).
   It lets you blink.
   It provides partial protection from all sources of acid and corrosion.
 e - the ring of Shadows {Umbra +Inv Stlth+}
   (You found it in a Gauntlet)

   [ring of stealth]

   It lets you turn invisible.
   It makes you more stealthy.
 l - a ring of protection from magic (right hand)
 o - an uncursed ring of flight
 w - an uncursed ring of protection from fire
 N - an uncursed ring of see invisible
 V - an uncursed amulet of harm
Wands
 g - a wand of random effects (46)
 n - a wand of paralysis (15)
 y - a wand of iceblast (18)
 E - a wand of clouds (12)
 G - a wand of polymorph (13)
 I - a wand of enslavement (11)
 O - a wand of flame (50)
 R - a wand of digging (3)
 U - a wand of acid (21)
Scrolls
 a - 9 scrolls of remove curse
 b - a scroll of identify
 i - 7 scrolls of blinking
 r - 12 scrolls of teleportation
 B - 2 scrolls of fear
 M - a scroll of fog
Potions
 f - 3 potions of flight
 h - 4 potions of curing
 j - 4 potions of agility
 k - a potion of haste
 s - 2 potions of berserk rage
 v - 3 potions of magic
 x - 3 potions of resistance
 z - 2 potions of cancellation
 D - 5 potions of invisibility
 P - a potion of brilliance
 Q - 2 potions of might
Comestibles
 c - 41 rations


   Skills:
 + Level 11.2 Fighting
 + Level 14.2 Axes
 + Level 3.7 Throwing
 * Level 10.7 Armour
 + Level 4.7 Dodging
 - Level 1.5 Stealth
 * Level 11.5 Shields
 * Level 10.5 Invocations


You had 15 spell levels left.
You didn't know any spells.
Your spell library contained the following spells:

 Spells                   Type           Power        Failure   Level  Hunger
 Animate Skeleton         Necr           N/A          71%         1    ##.....
 Apportation              Tloc           #.....       71%         1    ##.....
 Confusing Touch          Hex            #.....       71%         1    ##.....
 Corona                   Hex            #......      71%         1    ##.....
 Freeze                   Ice            #...         71%         1    ##.....
 Magic Dart               Conj           #...         71%         1    ##.....
 Pain                     Necr           #...         71%         1    ##.....
 Sandblast                Erth           #.....       71%         1    ##.....
 Summon Small Mammal      Summ           #...         71%         1    ##.....
 Blink                    Tloc           N/A          83%         2    ###....
 Call Imp                 Summ           #.......     83%         2    ###....
 Ensorcelled Hibernation  Hex/Ice        #.....       83%         2    ###....
 Passwall                 Tmut/Erth      #.......     83%         2    ###....
 Slow                     Hex            #.......     83%         2    ###....
 Song of Slaying          Chrm           #.......     83%         2    ###....
 Throw Frost              Conj/Ice       #.....       83%         2    ###....
 Confuse                  Hex            #.......     97%         3    ####...
 Conjure Flame            Conj/Fire      #.......     97%         3    ####...
 Dazzling Spray           Conj/Hex       #.....       97%         3    ####...
 Inner Flame              Hex/Fire       #.......     97%         3    ####...
 Mephitic Cloud           Conj/Pois/Air  #.......     97%         3    ####...
 Ozocubu's Armour         Chrm/Ice       #.......     97%         3    ####...
 Regeneration             Chrm/Necr      #.........   97%         3    ####...
 Spectral Weapon          Hex/Chrm       #.......     97%         3    ####...
 Stone Arrow              Conj/Erth      #.....       97%         3    ####...
 Tukima's Dance           Hex            #.......     97%         3    ####...
 Vampiric Draining        Necr           #.........   97%         3    ####...
 Animate Dead             Necr           N/A          100%        4    #####..
 Petrify                  Tmut/Erth      #.......     100%        4    #####..
 Summon Ice Beast         Ice/Summ       #.......     100%        4    #####..
 Throw Icicle             Conj/Ice       #.......     100%        4    #####..
 Iskenderun's Battlesphe  Conj/Chrm      #.......     100%        5    ######.
 Lee's Rapid Deconstruct  Erth           #.........   100%        5    ######.
 Deflect Missiles         Chrm/Air       #.........   100%        6    #######


Dungeon Overview and Level Annotations

Branches:
Dungeon (15/15)            Temple (0/1) D:6            Lair (6/6) D:8
  Swamp (2/4) Lair:2       Spider (0/4) Lair:2        Slime (0/5) Lair:5
    Orc (2/2) D:10            Elf (0/3) Orc:2        Vaults (0/5) D:13
 Depths (0/5) D:15

Altars:
Ashenzari
Cheibriados
Dithmenos
Gozag
Hepliaklqana
Makhleb
Nemelex Xobeh
Okawaru
Qazlal
Trog
Wu Jian
Yredelemnul
Zin
The Shining One
Jiyva

Shops:
Orc:2 (?!(

Portals:
Hell: Lair:6

Annotations:
D:6 1 runed translucent door, UristMcMason's ghost, novice DEWz
D:13 Sonja


Innate Abilities, Weirdness & Mutations

You have hooves in place of feet.
Armour fits poorly on your strangely shaped body.
You cover ground very quickly.
You have extremely tough skin. (AC +3)
Your system is resistant to poisons. (rPois)
You are robust. (+10% HP)
Your movements are slightly less encumbered by armour. (ER -2)


Message History

Unknown command.
You feel better. You block the Executioner's attack. x2
The Executioner hits you but does no damage.
You block the Executioner's attack.
The Executioner hits you but does no damage.
The Executioner hits you.
* * * LOW HITPOINT WARNING * * *
The Executioner hits you but does no damage.
The Executioner hits you.
* * * LOW HITPOINT WARNING * * *
The Executioner hits you but does no damage.
You pass through the gate.
Welcome back to the Swamp!
You block the alligator's attack.
The alligator tail-slaps you but does no damage.
The alligator completely misses you. The alligator barely misses you.
The alligator bites you!
* * * LOW HITPOINT WARNING * * *
The alligator tail-slaps you but does no damage.
You block the alligator's attack. The alligator tail-slaps you.
You die...

♣≈♣♣♣$≈≈.♣♣ ♣♣≈♣
♣♣≈..≈≈≈♣..♣ ♣≈≈♣
♣..≈.♣≈≈≈≈.♣♣♣≈.♣
♣.♣≈.≈≈≈≈...♣♣≈.♣
♣♣≈≈≈.≈≈≈.♣≈..♣..♣♣
♣♣≈≈.≈.≈.≈.♣≈t.≈≈≈≈♣♣
♣≈♣♣≈≈≈...≈≈≈.≈...♣≈≈≈≈♣♣
≈.♣≈≈≈.≈[≈♣≈.≈≈≈≈≈≈§≈..♣
.§...≈t@[≈≈.≈≈≈≈≈≈≈..♣♣
♣≈≈.♣≈tt≈♣≈.≈≈≈≈≈≈≈.♣♣
♣.≈.♣≈≈♣≈≈≈.≈≈≈≈≈†≈♣♣
♣♣≈≈..♣...≈....≈≈≈.♣♣
♣.≈.≈.♣.≈≈≈≈≈≈.≈.♣.♣♣
♣♣.<.♣.≈≈♣≈≈≈≈♣♣♣.♣
♣♣♣.≈.........♣.♣♣
♣♣≈.≈≈≈≈≈≈≈...♣
♣♣..≈♣≈≈≈≈≈≈.♣ ♣♣♣


You could see 4 alligators.

Vanquished Creatures
  Rupert (D:13)
  Jorgrun (D:13)
  A tentacled starspawn (Abyss:2)
  The ghost of hemabe the Covert, a journeyman HuAr of Trog (Lair:4)
  A minotaur (Gauntlet)
  A catoblepas (Lair:6)
  A death knight (D:14)
  3 hydras
  7 centaur warriors
  6 two-headed ogres
  2 tengu warriors
  5 alligators
  6 death yaks
  An orc high priest (Orc:2)
  A sun demon (Lair:6)
  A deep elf knight (D:13)
  4 skeletal warriors (D:12)
  A spriggan druid (Swamp:2)
  An unseen horror (shapeshifter) (D:15)
  2 glowing orange brains
  2 unseen horrors (D:13)
  2 wizards
  2 swamp dragons (Swamp:1)
  A wolf spider zombie (D:14)
  2 orc knights
  A phantasmal warrior (D:13)
  4 orc sorcerers
  2 manticores (D:13)
  A deep elf mage (D:15)
  15 ugly things
  4 cyclopes
  A shining eye (Gauntlet)
  21 elephants
  9 black mambas
  A smoke demon (Abyss:2)
  A torpor snail (Lair:5)
  4 centaur zombies
  An apocalypse crab (Abyss:2)
  A gargoyle (D:10)
  3 orange demons (Lair:6)
  20 spiny frogs
  5 centaur skeletons
  6 rime drakes
  6 yaktaurs (D:15)
  12 komodo dragons
  An efreet (D:14)
  A hellwing (Lair:6)
  2 red devils (Lair:6)
  4 tengu conjurers
  A meliai (shapeshifter) (D:15)
  A polar bear (Lair:6)
  4 tyrant leeches (Swamp:1)
  2 bog bodies
  5 trolls
  3 hornets
  A raiju (shapeshifter) (D:15)
  17 slime creatures
  9 blink frogs
  A hippogriff (shapeshifter) (D:15)
  14 hippogriffs
  Sigmund (D:2)
  A redback (Lair:2)
  3 shadows
  4 flying skulls (Gauntlet)
  2 wyverns
  3 spriggans
  15 humans (D:13)
  A vampire (D:15)
  A golden eye (Gauntlet)
  26 yaks
  6 basilisks
  2 steam dragons
  7 hungry ghosts
  6 swamp worms
  6 insubstantial wisps (Swamp:1)
  5 wargs
  2 acid dragons (D:15)
  2 soldier ants
  14 water moccasins
  5 hell hounds (Lair:6)
  30 orc warriors
  10 porcupines
  4 swamp drakes
  2 sky beasts
  A hornet zombie (D:15)
  2 eyes of draining
  9 black bears
  2 ice beasts
  11 ogres
  5 phantoms
  10 wolves
  A centaur (D:10)
  22 crocodiles
  3 big kobolds
  A gnoll sergeant (D:9)
  20 bullfrogs
  A wyvern zombie (D:12)
  A wyvern skeleton (D:14)
  4 scorpions
  20 wights
  23 killer bees
  4 howler monkeys
  10 crimson imps
  3 bullfrog zombies
  2 quasits
  A gnoll shaman (D:7)
  38 orc priests
  11 hounds
  52 orc wizards
  A bullfrog skeleton (D:12)
  Jessica (D:2)
  5 iguanas
  6 worker ants
  A bullfrog simulacrum (D:12)
  21 gnolls
  14 adders
  7 shadow imps
  3 oozes
  2 worms
  4 dart slugs
  4 leopard geckos
  115 orcs
  5 bats
  5 giant cockroaches
  8 goblins
  9 hobgoblins
  12 jackals
  19 kobolds
  6 quokkas
  A ball python (D:4)
  3 frilled lizards
  A leopard gecko skeleton (D:5)
  4 rats
  3 fungi (Lair:6)
  25 plants
  A starspawn tentacle (Abyss:2)
941 creatures vanquished.

Vanquished Creatures (collateral kills)
  A two-headed ogre (D:8)
  An ogre (D:8)
  A small abomination (Abyss:1)
3 creatures vanquished.

Vanquished Creatures (others)
  8 hydras
  A manticore (D:15)
  A human (D:13)
  A bush (Lair:3)
  15 fungi (Lair:6)
  4 plants (Lair:6)
  3 starspawn tentacles (Abyss:2)
  2 withered plants (D:6)
35 creatures vanquished.

Grand Total: 979 creatures vanquished

Notes
Turn   | Place    | Note
-------+----------+-------------------------------------------
     0 | Abyss:1  | Gargoyl the Centaur Abyssal Knight began the quest for the
                  | Orb.
     0 | Abyss:1  | Reached XP level 1. HP: 19/19 MP: 2/2
    62 | Abyss:1  | Noticed a spatial maelstrom
    63 | Abyss:1  | Noticed a spatial vortex
    63 | Abyss:1  | Noticed a spatial vortex
    64 | Abyss:1  | Noticed a spatial vortex
   105 | Abyss:3  | Noticed a small abomination
   114 | Abyss:3  | Noticed an eidolon
   135 | Abyss:4  | Noticed an apocalypse crab
   143 | D:1      | Escaped the Abyss
   485 | D:1      | Reached XP level 2. HP: 25/26 MP: 3/3
   626 | D:1      | Reached * piety under Lugonu
  1074 | D:2      | Reached skill level 2 in Axes
  1074 | D:2      | Reached XP level 3. HP: 28/31 MP: 4/4
  1443 | D:2      | Noticed Sigmund
  1453 | D:2      | Killed Sigmund
  1453 | D:2      | Reached skill level 3 in Axes
  1453 | D:2      | Reached skill level 1 in Dodging
  1453 | D:2      | Reached XP level 4. HP: 30/41 MP: 5/5
  1453 | D:2      | Reached XP level 5. HP: 35/47 MP: 6/6
  1584 | D:2      | Noticed Jessica
  1592 | D:2      | Killed Jessica
  1620 | D:2      | Reached XP level 6. HP: 17/53 MP: 7/7
  2323 | D:2      | Found a faded altar of an unknown god.
  2720 | D:3      | Reached ** piety under Lugonu
  2851 | D:3      | Reached skill level 4 in Axes
  2913 | D:3      | Found a stormy altar of Qazlal.
  2916 | D:3      | Noticed an air elemental
  2919 | D:3      | Noticed a fire elemental
  2919 | D:3      | Noticed a water elemental
  3293 | D:3      | Reached XP level 7. HP: 55/60 MP: 8/8
  4042 | D:4      | Reached skill level 1 in Shields
  4518 | D:5      | Entered Level 5 of the Dungeon
  4609 | D:5      | Found a sparkling altar of Nemelex Xobeh.
  4611 | D:5      | Found a hazy altar of Hepliaklqana.
  4617 | D:5      | Found an iron altar of Okawaru.
  4619 | D:5      | Found a glowing golden altar of the Shining One.
  4619 | D:5      | Found a shadowy altar of Dithmenos.
  4719 | D:5      | Reached skill level 5 in Fighting
  4719 | D:5      | Reached skill level 5 in Axes
  4739 | D:5      | Found a bloodstained altar of Trog.
  4761 | D:5      | Found a snail-covered altar of Cheibriados.
  4773 | D:5      | Reached skill level 1 in Throwing
  5062 | D:6      | Reached XP level 8. HP: 60/68 MP: 9/9
  5172 | D:6      | Found a burning altar of Makhleb.
  5173 | D:6      | Found an ornate altar of the Wu Jian Council.
  5313 | D:6      | Found a staircase to the Ecumenical Temple.
  5332 | D:6      | Reached *** piety under Lugonu
  5606 | D:6      | Found a runed translucent door.
  5607 | D:6      | Noticed UristMcMason's ghost (novice DEWz)
  5631 | D:6      | Found a sparkling altar of Nemelex Xobeh.
  5939 | D:6      | Reached skill level 6 in Axes
  6042 | D:6      | Found a glowing silver altar of Zin.
  6048 | D:6      | Found an opulent altar of Gozag.
  6365 | D:7      | Reached XP level 9. HP: 69/74 MP: 10/10
  6772 | D:7      | Reached **** piety under Lugonu
  7346 | D:8      | Reached skill level 5 in Armour
  7733 | D:7      | Reached skill level 7 in Axes
  8044 | D:8      | Found a staircase to the Lair.
  8396 | D:8      | Reached XP level 10. HP: 73/84 MP: 11/11
  8505 | D:8      | Noticed a two-headed ogre
  8515 | D:8      | Killed a two-headed ogre
  9018 | D:8      | Reached skill level 5 in Shields
  9446 | Lair:1   | Entered Level 1 of the Lair of Beasts
  9541 | Lair:1   | Got a sparkling ivory ring
  9605 | Lair:1   | Reached ***** piety under Lugonu
  9796 | Lair:1   | Reached skill level 8 in Axes
 10207 | Lair:1   | Noticed a spiny frog
 10220 | Lair:1   | Killed a spiny frog
 10755 | Lair:2   | Noticed a spiny frog
 10763 | Lair:2   | Killed a spiny frog
 10949 | Lair:2   | Found a staircase to the Swamp.
 10979 | Lair:2   | Reached XP level 11. HP: 81/92 MP: 12/12
 11063 | Lair:2   | Identified the ring "Juwo" {+Blink rCorr Slay+2} (You found
                  | it on level 1 of the Lair of Beasts)
 11226 | Lair:2   | Found a hole to the Spider Nest.
 12060 | Lair:3   | Reached skill level 1 in Stealth
 12223 | Lair:3   | Reached skill level 9 in Axes
 12569 | Lair:3   | Got a warped chain mail
 12580 | Lair:3   | Identified the +0 chain mail of Plog {MR+} (You found it on
                  | level 3 of the Lair of Beasts)
 12621 | Lair:3   | Noticed a four-headed hydra
 12624 | Lair:3   | Banished a four-headed hydra
 13866 | Lair:4   | Reached XP level 12. HP: 77/102 MP: 13/13
 14242 | Lair:4   | Found a runed translucent door.
 14245 | Lair:4   | Noticed hemabe's ghost (journeyman HuAr)
 14311 | Lair:4   | HP: 3/103 [hemabe's ghost (10)]
 14317 | Lair:4   | Killed hemabe's ghost
 14317 | Lair:4   | Reached skill level 10 in Axes
 15176 | Lair:4   | Noticed a seven-headed hydra
 15199 | Lair:4   | Banished an eight-headed hydra
 15313 | Lair:4   | Noticed an eight-headed hydra
 15318 | Lair:4   | Banished an eight-headed hydra
 15894 | Lair:4   | Got a dazzling war axe
 15895 | Lair:4   | Identified the +10 war axe "Dabet" {pain, +Inv Str+4} (You
                  | found it on level 4 of the Lair of Beasts)
 16323 | Lair:5   | Noticed a death yak
 16325 | Lair:5   | Noticed a death yak
 16334 | Lair:5   | Killed a death yak
 16338 | Lair:5   | Killed a death yak
 17471 | Lair:5   | Reached skill level 11 in Axes
 17515 | Lair:5   | Found a staircase to the Slime Pits.
 17515 | Lair:5   | Found a viscous altar of Jiyva.
 17540 | Lair:5   | Reached XP level 13. HP: 109/111 MP: 15/15
 17995 | Lair:6   | Entered Level 6 of the Lair of Beasts
 18369 | Lair:6   | Got a scorched chain mail
 19463 | Lair:6   | Reached skill level 5 in Invocations
 19819 | Lair:6   | Reached skill level 12 in Axes
 20246 | Lair:6   | Identified the cursed +1 chain mail of Yciqumorch {rN+
                  | Int+4 Stlth+} (You found it on level 6 of the Lair of
                  | Beasts)
 20302 | Lair:6   | Found a burning altar of Makhleb.
 20767 | Lair:6   | Reached XP level 14. HP: 119/119 MP: 18/18
 20850 | Lair:6   | Found a gateway to Hell.
 20857 | Lair:6   | Identified Sif Muna's Disquisition on Envenoming and
                  | Execration
 21143 | D:9      | Found a basalt altar of Yredelemnul.
 21170 | D:9      | Found a transporter.
 21478 | D:9      | Found a transporter.
 21522 | D:9      | Got a smoking spear
 22210 | D:9      | Identified the +4 spear "Baumaewk" {venom, rF+ Int+4} (You
                  | found it on level 9 of the Dungeon)
 22214 | D:10     | Entered Level 10 of the Dungeon
 22606 | D:10     | Found a staircase to the Orcish Mines.
 23180 | D:11     | Reached ****** piety under Lugonu
 24587 | D:12     | Reached skill level 10 in Fighting
 25724 | D:13     | Reached skill level 10 in Shields
 25837 | D:13     | Noticed Rupert
 25839 | D:13     | Identified the +7 spear of Qazlal's Anger {pierce, *Corrode
                  | rN+ Str-5 Int+10}
 25904 | D:13     | Killed Rupert
 25922 | D:13     | Reached skill level 13 in Axes
 26366 | D:13     | Reached XP level 15. HP: 126/126 MP: 21/21
 26443 | D:13     | Noticed Sonja
 26646 | D:13     | Found a gate to the Vaults.
 26789 | D:13     | Cast into level 2 of the Abyss (Sonja)
 26828 | Abyss:2  | Noticed a tentacled starspawn
 26840 | Abyss:2  | Killed a tentacled starspawn
 26969 | D:13     | Escaped the Abyss
 27511 | D:13     | Noticed Jorgrun
 27539 | D:13     | Killed Jorgrun
 27539 | D:13     | Reached skill level 10 in Armour
 27930 | D:13     | Got an ancient emerald amulet
 27933 | D:13     | Identified the amulet of Cuzxaenoo {Spirit Str+8} (You
                  | found it on level 13 of the Dungeon)
 28269 | D:14     | Found a shattered altar of Ashenzari.
 28434 | D:14     | Found a gate leading to a gauntlet.
 28444 | Gauntlet | Entered a Gauntlet
 28444 | Gauntlet | Found a transporter.
 28448 | Gauntlet | Gained mutation: You are occasionally teleported next to
                  | monsters. [potion of mutation]
 28448 | Gauntlet | Gained mutation: Your skin changes colour to match your
                  | surroundings (Stealth+). [potion of mutation]
 28449 | Gauntlet | Lost mutation: You are occasionally teleported next to
                  | monsters. [potion of mutation]
 28449 | Gauntlet | Lost mutation: Your skin changes colour to match your
                  | surroundings (Stealth+). [potion of mutation]
 28449 | Gauntlet | Gained mutation: You have a beak for a mouth. [potion of
                  | mutation]
 28449 | Gauntlet | Gained mutation: Potions are less effective at restoring
                  | your health. [potion of mutation]
 28449 | Gauntlet | Gained mutation: Your flesh is heat resistant. (rF+)
                  | [potion of mutation]
 28449 | Gauntlet | Gained mutation: You have a pair of small horns on your
                  | head. [potion of mutation]
 28453 | Gauntlet | Found a transporter.
 28454 | Gauntlet | Found the ring of Shadows {Umbra +Inv Stlth+}
 28457 | Gauntlet | Found a runed translucent door.
 28459 | Gauntlet | Found a transporter.
 28472 | Gauntlet | Lost mutation: You have a pair of small horns on your head.
                  | [potion of mutation]
 28472 | Gauntlet | Lost mutation: Your flesh is heat resistant. (rF+) [potion
                  | of mutation]
 28472 | Gauntlet | Lost mutation: Potions are less effective at restoring your
                  | health. [potion of mutation]
 28472 | Gauntlet | Gained mutation: You are frail. (-10% HP) [potion of
                  | mutation]
 28472 | Gauntlet | Gained mutation: Your muscles are strong. (Str +2) [potion
                  | of mutation]
 28472 | Gauntlet | Lost mutation: Your muscles are strong. (Str +2) [potion of
                  | mutation]
 28472 | Gauntlet | Gained mutation: You are agile. (Dex +2) [potion of
                  | mutation]
 28507 | Gauntlet | Found a runed translucent door.
 28514 | Gauntlet | Found a transporter.
 28514 | Gauntlet | Found a transporter.
 28517 | Gauntlet | Found a transporter.
 28538 | Gauntlet | Found the +12 Vampire's Tooth {vamp}
 28543 | Gauntlet | Found a transporter.
 28612 | Gauntlet | Got a shimmering ring mail
 28614 | Gauntlet | Identified the Papyrus of Enhancements
 28651 | D:14     | Identified the +2 ring mail "Keczotam" {+Fly rPois Int+4}
                  | (You found it in a Gauntlet)
 28884 | D:14     | Upgraded the game from 0.24-a0-462-ge24419a6ad to
                  | 0.24-a0-464-g6b2be6b8c7
 29802 | D:15     | Entered Level 15 of the Dungeon
 30078 | D:15     | Found a staircase to the Depths.
 31404 | Orc:1    | Entered Level 1 of the Orcish Mines
 32296 | Orc:2    | Entered Level 2 of the Orcish Mines
 32301 | Orc:2    | Found a staircase to the Elven Halls.
 33299 | Orc:2    | Reached XP level 16. HP: 117/123 MP: 23/23
 33322 | Orc:2    | Reached skill level 10 in Invocations
 33506 | Orc:2    | Reached skill level 14 in Axes
 34084 | Orc:2    | Found Ulenam's Magic Scroll Shop.
 34115 | Orc:2    | Found Gommuharo's Antique Weapon Boutique.
 34116 | Orc:2    | Found Geoduop's Distillery.
 34119 | Orc:2    | Found Fuakha's Antique Weapon Shop.
 34124 | Orc:2    | Bought a potion of heal wounds for 80 gold pieces
 34124 | Orc:2    | Bought a potion of heal wounds for 80 gold pieces
 34124 | Orc:2    | Bought a potion of mutation for 128 gold pieces
 34124 | Orc:2    | Bought a potion of resistance for 160 gold pieces
 34124 | Orc:2    | Bought a potion of resistance for 160 gold pieces
 34127 | Orc:2    | Bought a scroll of teleportation for 42 gold pieces
 34127 | Orc:2    | Bought a scroll of summoning for 133 gold pieces
 34170 | Orc:2    | Lost mutation: You are agile. (Dex +2) [potion of mutation]
 34170 | Orc:2    | Lost mutation: You are frail. (-10% HP) [potion of
                  | mutation]
 34170 | Orc:2    | Lost mutation: You have a beak for a mouth. [potion of
                  | mutation]
 34170 | Orc:2    | Gained mutation: You are robust. (+10% HP) [potion of
                  | mutation]
 34170 | Orc:2    | Gained mutation: Your movements are slightly less
                  | encumbered by armour. (ER -2) [potion of mutation]
 34170 | Orc:2    | Gained mutation: Your system is resistant to poisons.
                  | (rPois) [potion of mutation]
 34474 | Swamp:1  | Entered Level 1 of the Swamp
 35355 | Swamp:1  | Got a tiger eye-encrusted scale mail
 35366 | Swamp:1  | Identified the +4 scale mail "Ebiunumo" {Dex+2 Stlth+} (You
                  | found it on level 1 of the Swamp)
 35432 | Swamp:1  | Found a burning altar of Makhleb.
 36001 | Swamp:1  | Got a faintly humming chain mail
 36012 | Swamp:1  | Identified the cursed +1 chain mail of the Voivode {rF+++
                  | MP-9 Str+5} (You found it on level 1 of the Swamp)
 36189 | Abyss:1  | Paralysed by accursed screaming for 1 turns
 36216 | Abyss:1  | Noticed an Executioner
 36222 | Abyss:1  | HP: 4/150 [Executioner (16)]
 36224 | Abyss:1  | Found a corrupted altar of Lugonu.
 36228 | Swamp:2  | Escaped the Abyss
 36228 | Swamp:2  | HP: 2/150 [alligator[a spriggan druid] (14)]
 36228 | Swamp:2  | Slain by an alligator

Levels and vault maps discovered:
D:1:      dpeg_arrival_leaves_temple_mockup, layout_basic,
          chequers_serial_rivers_micro_b, minmay_misc_feat_roman,
          grunt_decor_one_mirror, hangedman_decor_growths
D:2:      wad_crossroads, layout_rooms, chequers_ecumenical_altar_twisty,
          minmay_quantized, uniq_sigmund, uniq_jessica
D:3:      layout_rooms, nicolae_qazlal_style_of_elements
D:4:      layout_basic, first_ration
D:5:      layout_cave_pools, grunt_temple_overflow_open
D:6:      layout_basic, grunt_temple_overflow_gold_and_silver,
          chequers_temple_overflow_statue_of_worship, minmay_temple_entry_mist,
          gammafunk_ghost_grave, kennysheep_nondescript,
          nemelex_diamond_rough_becter
D:7:      layout_loops_ring
D:8:      layout_cave_pods, minmay_lair_entry_grove
D:9:      gammafunk_the_bubble [the_bubble_gammafunk_plus_minus],
          layout_irregular_city, yredelemnul_altar_generic, grunt_ogre_cave
D:10:     layout_roguey, erik_orc_4
D:11:     minmay_clustersquares, layout_loops_cross
D:12:     layout_stronghold, serial_park_tiny_2, hangedman_weighted_door
D:13:     minmay_shrinking_squares, layout_basic, david_vaults_3,
          hangedman_abyss_or_decor_clamps, uniq_sonja, uniq_jorgrun
D:14:     layout_stronghold, gauntlet_entry_generic, evilmike_ruin_ashenzari
D:15:     gammafunk_enter_depths_forms, layout_cave_pools
Lair:1:   layout_cave_shapes
Lair:2:   layout_cave_pods, minmay_swamp_entry_reptiles, spider_nest_entry_a,
          infiniplex_staircase_pool, grunt_megastairs_5
Lair:3:   layout_roguey
Lair:4:   cheibrodos_lair_overgrown_chateau, layout_layer_cave,
          ebering_ghost_reflecting_pool
Lair:5:   wad_woods_structure_01, layout_misc_corridors, slime_altar_1
Lair:6:   evil_forest, layout_hall_layers
Swamp:1:  layout_basic_swamp, evilmike_swamp_ruin_house_6,
          nicolae_swamp_godswood, swamp_pool1
Swamp:2:  layout_falls_marsh, serial_swamp_ruin, evilmike_swamp_ruin_rubble_2,
          hangedman_swamp_ruin_wall
Orc:1:    layout_caves, nicolae_orc_bridge_out
Orc:2:    st_orc_mages, layout_caves, abandoned_shop

Skill      XL: |  1  2  3  4  5  6  7  8  9 10 11 12 13 14 15 16 |
---------------+-------------------------------------------------+-----
Axes           | 2 3 4 5 6 7 8 9 11 12 13 14 | 14.2
Fighting       | 4 5 6 7 8 9 10 11 | 11.2
Armour         | 2 3 4 5 6 7 8 9 10 | 10.7
Dodging        | 1 2 3 4 |  4.7
Shields        | 1 3 4 6 7 8 9 10 11 | 11.5
Throwing       | 1 3 |  3.7
Stealth        | 1 |  1.5
Invocations    | 3 6 8 9 10 | 10.5

Action                   |  1- 3 |  4- 6 |  7- 9 | 10-12 | 13-15 | 16-18 || total
-------------------------+-------+-------+-------+-------+-------+-------++-------
Melee: Hand axe          |    61 |    52 |   446 |   547 |     5 |    12 ||  1123
       Kick              |    15 |    25 |    82 |   175 |   491 |    74 ||   862
       War axe           |       |    66 |    42 |    89 |  1376 |   228 ||  1801
       Peck              |       |       |       |       |    62 |    16 ||    78
Throw: Boomerang         |       |     4 |    38 |     1 |     4 |     4 ||    51
Invok: Depart the Abyss  |     1 |       |       |       |     1 |     1 ||     3
       Banish            |       |       |       |     4 |    17 |     2 ||    23
       Bend Space        |       |       |       |       |     2 |     2 ||     4
       Enter the Abyss   |       |       |       |       |       |     1 ||     1
  Use: Scroll            |     2 |    12 |     7 |     8 |    18 |     3 ||    50
       Potion            |       |     1 |     1 |     4 |    10 |     7 ||    23
 Stab: Distracted        |       |       |     1 |       |       |       ||     1
       Confused          |       |       |       |     3 |       |     1 ||     4
       Petrified         |       |       |       |       |    26 |       ||    26
       Petrifying        |       |       |       |       |     3 |       ||     3
  Eat: Chunk             |       |     6 |     8 |    20 |    27 |     8 ||    69
       Ration            |       |       |     6 |     2 |     7 |     1 ||    16
Armor: Ring mail         |    30 |    64 |       |       |       |       ||    94
       Chain mail        |       |     4 |   303 |   316 |   564 |    42 ||  1229
       Plate armour      |       |       |    37 |    49 |   105 |    68 ||   259
       Skin              |       |       |       |       |    14 |     1 ||    15
       Scale mail        |       |       |       |       |       |    14 ||    14
Dodge: Dodged            |    20 |    44 |    35 |    68 |   200 |    40 ||   407
Block: Shield            |     2 |    66 |   349 |   431 |  1073 |   219 ||  2140

Table legend:
 A = Non-vault XP
 B = Vault XP
 C = Vault XP percentage of total XP
 D = Non-vault monster count
 E = Vault monster count
 F = Vault count percentage of total count
                 A         B        C        D         E       F
            +---------+---------+-------+---------+---------+-------
      Total |  125484 |   50323 |  28.6 |     715 |     211 |  22.8
            +---------+---------+-------+---------+---------+-------
        D:1 |      26 |       0 |   0.0 |      13 |       0 |   0.0
        D:2 |     108 |     294 |  73.1 |      20 |      10 |  33.3
        D:3 |     322 |       0 |   0.0 |      27 |       0 |   0.0
        D:4 |     311 |       0 |   0.0 |      20 |       0 |   0.0
        D:5 |     265 |       0 |   0.0 |      10 |       0 |   0.0
        D:6 |    1298 |       0 |   0.0 |      38 |       0 |   0.0
        D:7 |    1608 |     234 |  12.7 |      37 |       2 |   5.1
        D:8 |    1425 |    1140 |  44.4 |      21 |      10 |  32.3
        D:9 |    3647 |    1767 |  32.6 |      32 |      11 |  25.6
       D:10 |    3695 |     509 |  12.1 |      33 |      16 |  32.7
       D:11 |    4708 |    1363 |  22.5 |      41 |      10 |  19.6
       D:12 |    6295 |     627 |   9.1 |      37 |       5 |  11.9
       D:13 |   10754 |   15326 |  58.8 |      45 |      28 |  38.4
       D:14 |    8759 |       0 |   0.0 |      27 |       0 |   0.0
       D:15 |   15268 |    4084 |  21.1 |      51 |       9 |  15.0
     Lair:1 |    2588 |       0 |   0.0 |      13 |       0 |   0.0
     Lair:2 |    1389 |    1227 |  46.9 |       8 |       7 |  46.7
     Lair:3 |    6082 |       0 |   0.0 |      21 |       0 |   0.0
     Lair:4 |    5426 |    5275 |  49.3 |      23 |      17 |  42.5
     Lair:5 |    9638 |     659 |   6.4 |      25 |       4 |  13.8
     Lair:6 |   17300 |    8814 |  33.8 |      45 |      26 |  36.6
    Swamp:1 |   14212 |       0 |   0.0 |      42 |       0 |   0.0
    Swamp:2 |    3700 |       0 |   0.0 |       8 |       0 |   0.0
      Orc:1 |    1872 |    1404 |  42.9 |      32 |      12 |  27.3
      Orc:2 |    1739 |    3570 |  67.2 |      42 |      35 |  45.5
    Abyss:1 |      17 |       0 |   0.0 |       1 |       0 |   0.0
    Abyss:2 |    3032 |       0 |   0.0 |       3 |       0 |   0.0
   Gauntlet |       0 |    4030 | 100.0 |       0 |       9 | 100.0
            +---------+---------+-------+---------+---------+-------
